 Dungeon Sprint DCSS version 0.22-a0-196-gee22f27 (webtiles) character file.

1194 Lapis the Unseen (level 8, -1/57 HPs)
             Began as an Octopode Assassin on Feb 17, 2018.
             Was an Initiate of Dithmenos.
             Slain by a deep troll (19 damage)
             ... in the Dungeon (Sprint I: "Red Sonja").
             The game lasted 00:02:21 (383 turns).

Lapis the Unseen (Octopode Assassin)                 Turns: 383, Time: 00:02:21

Health: -1/57      AC:  1    Str: 11    XL:     8   Next: 44%
Magic:  8/8        EV: 17    Int: 13    God:    Dithmenos [......]
Gold:   424        SH:  0    Dex: 15    Spells: 7/7 levels left

rFire    . . .     SeeInvis .   m - +2 dagger (distort)
rCold    . . .     Gourm    .   (no shield)
rNeg     . . .     Faith    .   (helmet restricted)
rPois    .         Spirit   .   (no amulet)
rElec    .         Reflect  .   (no ring)
rCorr    .         Harm     .   (no ring)
MR       .....     NoTele   +   (no ring)
Stlth    ++++++++..             (no ring)
HPRegen  0.19/turn              (no ring)
MPRegen  0.11/turn              (no ring)
                                (no ring)
                                (no ring)

@: no status effects
A: almost no armour, stealthy swim, amphibious, 8 rings, constrict 8, camouflage
1, gelatinous body 1
a: Renounce Religion


You were in the Dungeon.
You worshipped Dithmenos.
Dithmenos was noncommittal.
You were not hungry.

You visited 1 branch You collected 536 gold pieces.
You spent 112 gold pieces at shops.

Inventory:

Hand Weapons
 a - a +2 dagger
 b - a +0 blowgun
 m - a +2 dagger of distortion (weapon)
 n - a +5 blowgun
Missiles
 c - 8 poisoned needles
 d - 9 curare-tipped needles
Armour
 o - a +0 buckler
Wands
 l - a wand of polymorph (6)
Scrolls
 k - a scroll of blinking
Potions
 e - a potion of curing
 g - a potion of heal wounds
 h - a potion of haste
 i - 2 potions of magic
 j - a potion of degeneration {unknown}
Comestibles
 f - a ration


   Skills:
 * Level 6.0 Fighting
 * Level 6.1 Short Blades
 - Level 2.0 Throwing
 * Level 6.4 Dodging
 * Level 19.6 Stealth


You had 7 spell levels left.
You didn't know any spells.

Dungeon Overview and Level Annotations

Branches:
Dungeon (1/1)

Altars:
Cheibriados
Dithmenos
Elyvilon
Fedhas
Gozag
Hepliaklqana
Kikubaaqudgha
Makhleb
Nemelex Xobeh
Okawaru
Qazlal
Ru
Sif Muna
Trog
Uskayaw
Vehumet
Wu Jian
Xom
Yredelemnul
Zin
The Shining One
Jiyva
Lugonu

Shops:
D [*


Innate Abilities, Weirdness & Mutations

You cannot wear most types of armour.
You are very stealthy in the water. (Stealth+)
You are amphibious.
You can wear up to eight rings at the same time.
You can use your tentacles to constrict eight enemies at once.
Your skin changes colour to match your surroundings (Stealth+).
Your rubbery body absorbs attacks. (AC +1, EV +1)


Message History

o - a buckler Thank you for shopping at Puqez's Antique Armour Boutique!
There is an open door here.
Evoke which item? (* to show all) (? for menu, Esc to quit)
Okay, then.
You open the door.
A deep troll comes into view.
Found 108 gold pieces.
The deep troll shouts!
There is an open door here.
The deep troll barely misses you. The deep troll claws you!
The deep troll misses you.
You see here 27 gold pieces.
You barely miss the deep troll. Your squeeze misses the deep troll.
The deep troll bites you. The deep troll claws you. x2
You closely miss the deep troll. You squeeze the deep troll.
The deep troll is lightly wounded.
The deep troll bites you! The deep troll completely misses you.
The deep troll claws you!!
You die...

#..#####+#####+#__####
#..####..#...#.####
#..#__####..##)#
#..#_____##+#_.+
#⌠⌠#_.∩...+..._#
####_..__##_.#'#
#_____###'#(#
############.####+###
#∩........'...'@T.$$+
###++++####.†.#######
##.## #+#


You could see a deep troll.

Vanquished Creatures
  Sonja (D)
  A slime creature (D)
  Sigmund (D)
  A yak (D)
  An ogre (D)
  A jelly (D)
  Ijyb (D)
7 creatures vanquished.

Notes
Turn   | Place    | Note
-------+----------+-------------------------------------------
     0 | D        | Lapis the Octopode Assassin began the quest for the Orb.
     0 | D        | Reached XP level 1. HP: 14/14 MP: 1/1
     2 | D        | Noticed Ijyb
     8 | D        | Killed Ijyb
     8 | D        | Reached skill level 8 in Stealth
     8 | D        | Reached XP level 2. HP: 17/20 MP: 2/2
     8 | D        | Reached XP level 3. HP: 21/25 MP: 3/3
    46 | D        | Noticed an ogre
    49 | D        | Killed an ogre
    49 | D        | Reached skill level 11 in Stealth
    49 | D        | Reached XP level 4. HP: 31/31 MP: 4/4
    62 | D        | Noticed Sigmund
    70 | D        | Killed Sigmund
    70 | D        | Reached skill level 14 in Stealth
    70 | D        | Reached XP level 5. HP: 36/38 MP: 5/5
    70 | D        | Reached XP level 6. HP: 42/44 MP: 6/6
   243 | D        | Found an ornate altar of the Wu Jian Council.
   243 | D        | Found a deep blue altar of Sif Muna.
   245 | D        | Found a radiant altar of Vehumet.
   271 | D        | Found Cetorion's Assorted Antiques.
   271 | D        | Found an ancient bone altar of Kikubaaqudgha.
   271 | D        | Found a hazy altar of Hepliaklqana.
   271 | D        | Found a stormy altar of Qazlal.
   271 | D        | Found a hide-covered altar of Uskayaw.
   271 | D        | Found a blossoming altar of Fedhas.
   271 | D        | Found a bloodstained altar of Trog.
   271 | D        | Found an iron altar of Okawaru.
   271 | D        | Found a basalt altar of Yredelemnul.
   271 | D        | Found a glowing golden altar of the Shining One.
   271 | D        | Found a snail-covered altar of Cheibriados.
   271 | D        | Found a sacrificial altar of Ru.
   271 | D        | Found a glowing silver altar of Zin.
   271 | D        | Found a shadowy altar of Dithmenos.
   271 | D        | Found a white marble altar of Elyvilon.
   271 | D        | Noticed a yak
   272 | D        | Found an opulent altar of Gozag.
   273 | D        | Killed a yak
   273 | D        | Reached skill level 5 in Short Blades
   273 | D        | Reached skill level 5 in Dodging
   273 | D        | Reached skill level 16 in Stealth
   273 | D        | Reached XP level 7. HP: 49/49 MP: 7/7
   274 | D        | Found a sparkling altar of Nemelex Xobeh.
   280 | D        | Became a worshipper of Dithmenos the Shadowed
   301 | D        | Found a burning altar of Makhleb.
   301 | D        | Found a viscous altar of Jiyva.
   301 | D        | Found a shimmering altar of Xom.
   301 | D        | Found a corrupted altar of Lugonu.
   301 | D        | Noticed a slime creature
   304 | D        | Killed a slime creature
   304 | D        | Reached skill level 5 in Fighting
   304 | D        | Reached skill level 17 in Stealth
   332 | D        | Noticed Sonja
   336 | D        | Killed Sonja
   336 | D        | Reached skill level 19 in Stealth
   336 | D        | Reached XP level 8. HP: 57/57 MP: 8/8
   358 | D        | Found Puqez's Antique Armour Boutique.
   367 | D        | Bought a buckler for 112 gold pieces
   379 | D        | Noticed a deep troll
   383 | D        | Slain by a deep troll

Vault maps used:
D:        dungeon_sprint_1

Skill      XL: |  1  2  3  4  5  6  7 |
---------------+----------------------+-----
Dodging        | 2 3 4 5 6 |  6.4
Stealth        | 8 11 14 16 19 | 19.6
Fighting       | 3 4 6 |  6.0
Short Blades   | 3 4 5 6 |  6.1
Throwing       | |  2.0

Action                   |  1- 3 |  4- 6 |  7- 9 || total
-------------------------+-------+-------+-------++-------
Melee: Dagger            |     4 |     7 |     4 ||    15
       Constrict         |     1 |     1 |       ||     2
       Unarmed           |     1 |       |       ||     1
       Tentacles         |       |       |     1 ||     1
  Use: Potion            |       |     1 |       ||     1
 Stab: Sleeping          |     2 |     2 |     2 ||     6
Dodge: Dodged            |       |     1 |     3 ||     4

Table legend:
 A = Spawn XP
 B = Non-spawn XP
 C = Spawn XP percentage of total XP
 D = Spawn monster count
 E = Non-spawn monster count
 F = Spawn count percentage of total count
 G = Total turns spent on level
                    A         B        C        D         E        F      G
               +---------+---------+-------+---------+---------+-------+---------
         Total |       0 |    1707 |   0.0 |       0 |       7 |   0.0 |   383
               +---------+---------+-------+---------+---------+-------+---------
             D |       0 |    1707 |   0.0 |       0 |       7 |   0.0 |   383
               +---------+---------+-------+---------+---------+-------+---------
